cohdb
Replays
Latest Replays
All Replays
Popular Replays
Top Player Replays
Match Explorer
How It Works
Community
CoH3 Stats
Reddit
Sign in to upload your games and track your stats! →
Sign in with Steam
Match 41882017
Unlisted
Match 41882017
Overview
Messages
Build Orders
End
Panzergrenadier Squad
Selects Panzerjäger Kommand Battlegroup
Selects Blockade Equipment
Selects Mine Fields
Panzergrenadier Squad
250 Light Carrier
Construct Light Support Kompanie
Selects GrB 39 Grenade Launcher Requisition
Fire Support Elements
MG34 Team
Pak 38 Mechanized Group
Construct Panzerarmee Kommand
Veteran Squad Leaders
Panzer III L Medium Tank
Vehicle Survival Package
2.5-tonne Medical Truck
Selects Crew Shock Tactics
le.IG 18 Mechanized Group
Emergency Repair Kits
Panzer III L Medium Tank
Rapid Advance
Selects Elefant Tank Destroyer
Elefant Tank Destroyer
Selects Defensive Positions
Selects Butterfly Bomb Drop
Armored Reserves
Panda Le GaY's
Skryme
TylerD994
Danh Vo
[82AD] PaulVmax
Computer - Hard
FloppyBob
r33dys
0
0
Comments
sign in to comment!
No comments posted yet!